AoeStats
← ogipochi_

Arabia

503781090Analyzed
4v4 RM · 1mo ago on Sep 2, 2026· 46m 48s· 8 players
Game mode
Random Map
Map size
Large (8 player)
Population
200
Speed
Normal
Resources
Standard
Victory
Conquest
Starting age
Dark Age
Ending age
Imperial Age
RankedLock teamsTeams togetherTeam positionsShared explorationLock speedFull tech treeHidden civsTurbo modeCheats
Victory
Defeat
🇨🇳 Burgundians · China
949
+13
🇳🇿 Japanese · New Zealand
878
+16
🇲🇽 Bulgarians · Mexico
874
+16
🇨🇳 Khmer · China
835
+18
🇦🇷 Chinese · Argentina
948
-19
🇯🇵 Wei · Japan
901
-17
🇦🇷 Cumans · Argentina
850
-14
🇦🇷 Khmer · Argentina
839
-14
Eli Correa 3950
7:11 Loom
12:00 Feudal Age
13:28 Wheelbarrow
17:33 Double-Bit Axe
22:53 Castle Age
21:20 Fletching
22:03 Horse Collar
23:56 Hand Cart
24:22 Bow Saw
29:08 Pikeman
31:29 Scale Barding Armor
38:07 Forging
37:58 Scale Mail Armor
38:06 Squires
38:07 Gambesons
39:33 Iron Casting
42:52 Chain Mail Armor
46:43 Caravan
FrostyTSS
0:39 Loom
13:40 Feudal Age
13:58 Man-at-Arms
15:29 Town Watch
17:25 Horse Collar
19:30 Forging
19:25 Arson
21:38 Wheelbarrow
25:11 Fletching
25:22 Padded Archer Armor
25:29 Double-Bit Axe
29:39 Castle Age
28:53 Scale Mail Armor
28:52 Gold Mining
28:53 Stone Mining
30:54 Heavy Plow
31:07 Bow Saw
31:10 Squires
30:59 Pikeman
31:15 Long Swordsman
33:49 Hand Cart
36:20 Gambesons
44:31 Imperial Age
44:06 Iron Casting
43:48 Chain Mail Armor
45:29 Two-Handed Swordsman
45:30 Halberdier
Eleven
4:23 Loom
13:23 Feudal Age
22:41 Double-Bit Axe
22:50 Gold Mining
22:51 Stone Mining
42:06 Horse Collar
爱吃荷包蛋
8:12 Loom
9:17 Double-Bit Axe
13:59 Feudal Age
13:09 Gold Mining
18:05 Castle Age
15:56 Horse Collar
17:13 Forging
17:09 Scale Barding Armor
17:19 Bow Saw
18:22 Gold Shaft Mining
18:51 Husbandry
18:11 Cavalier
20:22 Iron Casting
20:57 Two-Man Saw
31:15 Wheelbarrow
34:26 Imperial Age
33:39 Hand Cart
34:51 Paladin
36:29 Chain Barding Armor
37:10 Blast Furnace
37:22 Ballistics
38:07 Chemistry
38:35 Plate Barding Armor
44:13 Capped Ram
ogipochi_
10:50 Feudal Age
9:06 Loom
11:18 Double-Bit Axe
11:14 Horse Collar
11:25 Gold Mining
11:27 Stone Mining
13:27 Town Watch
14:18 Wheelbarrow
18:53 Castle Age
18:21 Bloodlines
18:23 Forging
18:19 Scale Barding Armor
20:16 Husbandry
20:31 Bow Saw
20:58 Gold Shaft Mining
23:23 Heavy Plow
26:21 Iron Casting
26:55 Chain Barding Armor
31:04 Imperial Age
29:27 Tuntian
31:04 Heavy Hei Guang Cavalry
32:46 Blast Furnace
32:49 Hand Cart
32:10 Elite Tiger Cavalry
33:18 Ming Guang Armor
33:16 Conscription
33:50 Elite Tiger Cavalry
36:38 Ballistics
37:18 Chemistry
36:15 Murder Holes
36:31 Masonry
Flokeano
6:37 Loom
11:05 Feudal Age
17:21 Double-Bit Axe
17:58 Horse Collar
29:59 Castle Age
36:07 Castle Age
36:52 Scale Mail Armor
37:04 Forging
36:17 Pikeman
36:59 Squires
36:45 Arson
39:06 Town Watch
41:02 Chain Mail Armor
44:15 Heavy Plow
47:43 Imperial Age
AwitaDeUwU
12:10 Feudal Age
16:39 Double-Bit Axe
20:32 Horse Collar
23:20 Wheelbarrow
26:11 Loom
32:57 Gold Mining
MayMook
11:17 Feudal Age
13:28 Fletching
13:24 Horse Collar
13:48 Double-Bit Axe
15:25 Wheelbarrow
18:18 Castle Age
18:20 Padded Archer Armor
19:40 Gold Mining
19:32 Crossbowman
21:03 Gold Shaft Mining
22:04 Thumb Ring
24:44 Bodkin Arrow
24:52 Heavy Plow
24:39 Man-at-Arms
24:39 Pikeman
Connection lost

Rejoining the realm…

Still unreachable

The connection could not be restored.

Session expired

The server has moved on; the page needs a fresh start.